 Dungeon Crawl Stone Soup version 0.22.1-2-g9c5b331 (webtiles) character file.

92 ubloh the Firebug (level 4, -4/24 HPs)
             Began as a Deep Elf Fire Elementalist on Dec 31, 2018.
             Killed from afar by an orc wizard (7 damage)
             ... with a puff of flame
             ... on level 2 of the Dungeon.
             The game lasted 00:10:38 (2520 turns).

ubloh the Firebug (Deep Elf Fire Elementalist)      Turns: 2520, Time: 00:10:38

Health: -4/24      AC:  3    Str:  5    XL:     4   Next: 35%
Magic:  8/12       EV: 13    Int: 21    God:
Gold:   123        SH:  0    Dex: 15    Spells: 5/11 levels left

rFire    . . .     SeeInvis .   h - +0 short sword
rCold    . . .     Gourm    .   (no shield)
rNeg     . . .     Faith    .   a - +0 robe
rPois    .         Spirit   .   (no helmet)
rElec    .         Reflect  .   (no cloak)
rCorr    .         Harm     .   (no gloves)
MR       .....                  m - +0 pair of boots
Stlth    ++........             (no amulet)
HPRegen  0.08/turn              (no ring)
MPRegen  0.13/turn              (no ring)

@: no status effects
A: no striking features
a: no special abilities


You were on level 2 of the Dungeon.
You were not hungry.

You visited 1 branch of the dungeon, and saw 3 of its levels.

You collected 123 gold pieces.

Inventory:

Hand Weapons
 h - a +0 short sword (weapon)
Missiles
 b - 68 stones (quivered)
Armour
 a - a +0 robe (worn)
 m - a +0 pair of boots (worn)
Scrolls
 d - a scroll of fog {unknown}
 g - a scroll of enchant armour {unknown}
 k - a scroll of teleportation {unknown}
 n - 2 scrolls of identify {unknown}
 o - a scroll of amnesia {unknown}
Potions
 e - 4 potions of curing {unknown}
 f - 3 potions of lignification {unknown}
 i - a potion of heal wounds {unknown}
 j - 2 potions of brilliance {unknown}
Comestibles
 c - 5 rations


   Skills:
 - Level 2.4 Dodging
 - Level 2.4 Stealth
 + Level 4.0 Spellcasting
 * Level 3.4 Conjurations
 + Level 4.0 Fire Magic


You had 5 spell levels left.
You knew the following spells:

 Your Spells              Type           Power        Failure   Level  Hunger
a - Flame Tongue          Conj/Fire      ###..        2%          1    None
b - Throw Flame           Conj/Fire      ###...       4%          2    #......
c - Conjure Flame         Conj/Fire      ###.....     8%          3    ###....

Your spell library contained the following spells:

 Spells                   Type           Power        Failure   Level  Hunger
 Inner Flame              Hex/Fire       ##......     16%         3    ###....
 Sticky Flame             Conj/Fire      ###.....     26%         4    ####...
 Fireball                 Conj/Fire      ###.......   58%         5    ######.


Dungeon Overview and Level Annotations

Branches:
Dungeon (3/15)

Altars:
Hepliaklqana


Message History

The magic dart hits you!
* * * LOW HITPOINT WARNING * * *
Casting: Flame Tongue (safe; 2% risk of failure)
Confirm with . or Enter, or press ? or * to list all spells.
Aiming: Flame Tongue (safe; 2% risk of failure)
Press: ? - help, Shift-Dir - straight line, f/p - orc wizard
Aim: an orc wizard, wielding a dagger and wearing a robe (moderately wounded)
The flame tongue hits the orc wizard.
The orc wizard is severely wounded.
The orc wizard hits you with a dagger.
* * * LOW HITPOINT WARNING * * *
Casting: Flame Tongue (safe; 2% risk of failure)
Confirm with . or Enter, or press ? or * to list all spells.
Aiming: Flame Tongue (safe; 2% risk of failure)
Press: ? - help, Shift-Dir - straight line, f/p - orc wizard
Aim: an orc wizard, wielding a dagger and wearing a robe (severely wounded)
The flame tongue misses the orc wizard.
The orc wizard casts a spell at you. The puff of flame hits you!
You die...

.#######.# #......._...).##
.#######.#### #.#.#.......#.#.
..##........# #.#.#.......#...
.....###.##.# ###.#.##.....##...
.##### #.##.# #.....####.####.##
.#######.##.# #.#.............##
.........##.# #.#####..###.#..##
########....# #o# ###..# #...###
.## #.#### #@# #....# ###....
..## #.## #.# #.##.# ###.. ...##
#..## #.# #.##.## ##...
....####...#####.###.#...####....
....'.......................'....
....####........####.#...####....
...## #..#####.# #.##.## ##...
..## #..# #.# ##.#### ##.. .##
#..# #.###.#.## ##.


You could see an orc wizard.

Vanquished Creatures
  Jessica (D:2)
  3 adders (D:2)
  A leopard gecko (D:2)
  2 giant cockroaches
  6 hobgoblins
  4 jackals (D:2)
  7 bats
  2 frilled lizards
  4 goblins
  6 kobolds
  2 rats
38 creatures vanquished.

Notes
Turn   | Place    | Note
-------+----------+-------------------------------------------
     0 | D:1      | ubloh the Deep Elf Fire Elementalist began the quest for
                  | the Orb.
     0 | D:1      | Reached XP level 1. HP: 10/10 MP: 6/6
   430 | D:1      | Reached XP level 2. HP: 15/15 MP: 6/8
   434 | D:1      | Learned a level 2 spell: Throw Flame
   949 | D:2      | Noticed Jessica
   957 | D:2      | Killed Jessica
   957 | D:2      | Reached XP level 3. HP: 2/19 MP: 2/10
  1411 | D:2      | Learned a level 3 spell: Conjure Flame
  1560 | D:2      | Found a hazy altar of Hepliaklqana.
  1694 | D:2      | Reached XP level 4. HP: 24/24 MP: 2/11
  2520 | D:2      | Killed from afar by an orc wizard

Skill      XL: |  1  2  3  4 |
---------------+-------------+-----
Conjurations   | 2 3 |  3.4
Fire Magic     | 4 |  4.0
Spellcasting   | 4 |  4.0
Dodging        | |  2.4
Stealth        | |  2.4

Action                   |  1- 3 |  4- 6 || total
-------------------------+-------+-------++-------
Melee: Short sword       |     1 |       ||     1
Throw: Stone             |    12 |       ||    12
 Cast: Flame Tongue      |    29 |    14 ||    43
       Throw Flame       |    15 |     7 ||    22
       Conjure Flame     |     1 |     1 ||     2
  Eat: Chunk             |     3 |     2 ||     5
Armor: Robe              |     7 |       ||     7
Dodge: Dodged            |    18 |       ||    18
